Match 41692635
Unlisted

Match 41692635
End
Construct Barracks
Riflemen Squad
1⁄4-ton 4x4 Truck
Riflemen Squad
Engineer Squad
Mechanized Support Center
Selects Heavy Weapons
Construct Motor Pool
Selects Assault Carriers
M16 Multiple Gun Motor Carriage
Selects Exchangeable Parts
M1 Anti-tank Gun Team
Designate Forward Repair Station
M1918 Browning Automatic Rifles
Engineer Squad
Construct Weapon Support Center
Bazooka Squad
M3 75 mm Gun Motor Carriage
M1919 Machine Gun Team
M3 75 mm Gun Motor Carriage
Bazooka Squad
M3 Assault Carrier
Grenade Package
Improved M9 Bazooka Rockets
Mortar Pit
Construct Tank Depot
Selects M26 Pershing Heavy Tank
M26 Pershing Heavy Tank
M1919 Machine Gun Team
M4A1 Sherman Medium Tank
Engineer Squad
Designate Forward Repair Station
Anubis
Дэн_Карлионе
Guanxi_Aya
UH|dun! ツ
iceman
NoDaddyBadTouch
0
0

Comments sign in to comment!

No comments posted yet!